 Dungeon Crawl Stone Soup version 0.20.0-15-g7f486f2 (webtiles) character file.

786 torrenera the Poker (level 8, 0/58 HPs)
             Began as a Formicid Abyssal Knight on June 27, 2017.
             Was a Priest of Lugonu.
             Killed by divine providence
             ... invoked by an orc priest
              (14 damage)
             ... on level 11 of the Dungeon.
             The game lasted 00:17:25 (5838 turns).

torrenera the Poker (Formicid Abyssal Knight)       Turns: 5838, Time: 00:17:26

Health: 0/58       AC:  3    Str: 19    XL:     8   Next: 11%
Magic:  11/11      EV:  9    Int: 10    God:    Lugonu [***...]
Gold:   380        SH:  3    Dex: 10    Spells: 7/7 levels left

rFire    + . .     SeeInvis +   a - +1 spear
rCold    + . .     Gourm    .   o - +0 buckler
rNeg     . . .     Faith    .   k - +0 scale mail
rPois    +         Spirit   .   (helmet unavailable)
rElec    .         Reflect  .   n - scarf {rC+ rF+}
rCorr    .         Harm     .   (no gloves)
MR       .....                  v - +0 pair of boots
Stlth    ..........             t - amulet of magic regeneration
Regen    0.2/turn               D - ring of poison resistance
MPRegen  0.2/turn               B - -2 ring of intelligence (curse)

@: corroded
A: permanent stasis, dig shafts and tunnels, four strong arms, antennae 3
a: Dig, Shaft Self, Depart the Abyss, Bend Space, Banish, Renounce Religion


You were on level 11 of the Dungeon.
You worshipped Lugonu.
Lugonu was most pleased with you.
You were not hungry.

You visited 1 branch of the dungeon, and saw 7 of its levels.
You visited the Abyss 1 time.

You collected 380 gold pieces.

Inventory:

Hand Weapons
 a - a +1 spear (weapon)
 w - a +4 hunting sling
Missiles
 b - 2 needles of frenzy
 m - 203 stones (quivered)
Armour
 k - a +0 scale mail (worn)
 n - a scarf of resistance (worn)
 o - a +0 buckler (worn)
 r - a +0 plate armour
 v - a +0 pair of boots (worn)
Jewellery
 l - an uncursed ring of stealth
 t - an amulet of magic regeneration (around neck)
 A - a +3 ring of evasion
 B - a cursed -2 ring of intelligence (right hand)
 D - a ring of poison resistance (left hand)
Wands
 C - a wand of iceblast (2/15)
Scrolls
 e - 2 scrolls of recharging {unknown}
 g - a scroll of remove curse {unknown}
 i - a scroll of magic mapping
 j - 2 scrolls of identify
 p - 3 scrolls of teleportation {unknown}
 x - 2 scrolls of immolation {unknown}
 y - a scroll of enchant weapon {unknown}
Potions
 d - 2 potions of haste
 h - a potion of ambrosia
 q - a potion of degeneration
 u - 2 potions of brilliance
Comestibles
 c - 5 bread rations
 f - 2 meat rations
 s - 2 chunks of flesh
 z - 2 royal jellies


   Skills:
 - Level 3.2 Fighting
 - Level 7.6 Polearms
 - Level 2.1 Armour
 - Level 0.8 Dodging
 - Level 1.6 Shields
 + Level 5.0 Invocations


You had 7 spell levels left.
You didn't know any spells.

Dungeon Overview and Level Annotations

Branches:
Dungeon (8/15)             Temple (0/1) D:4
   Lair: D:8-11

Altars:
Gozag
Kikubaaqudgha
Ru
Sif Muna

Shops:
D:11 [

Annotations:
D:2 Sigmund
D:5 Paps's ghost, amateur DESu


Innate Abilities, Weirdness & Mutations

You cannot be hasted, slowed, berserked, paralysed or teleported.
You can dig through walls and to a lower floor.
Your four strong arms can wield two-handed weapons with a shield.
You have a pair of large antennae on your head. (SInv)


Message History

The jelly is severely wounded.
The jelly hits you. The acid corrodes you!
You are splashed with acid!
The acid burns!
You hit the jelly.
Your hands burn!
The jelly is almost dead.
You hit the jelly.
Your hands burn!
The jelly is almost dead.
You block the jelly's attack.
You hit the jelly but do no damage.
Your hands burn!
The jelly is almost dead.
The jelly jiggles.
The jelly hits you.
You are splashed with acid!
The acid burns!
* * * LOW HITPOINT WARNING * * *
You hit the jelly.
You kill the jelly!
Lugonu accepts your kill.
Your Invocations skill increases to level 5!
The orc priest invokes the aid of Beogh against you.
Beogh smites you!
You die...

#..#.......##
##.##
#..........# ##.#
#.........## #o##
#.........# ##.#
#.........## #.o#
##.........#
##.## #.........#
#.o#
#........#####.##
##..........@o.#
##....########.##
##....## ###.#..#
###...###
##....#..#
##...###
##.....##.#
#...##
##..∩...###.#
..### ##........#
## .##
#.........# ##
##........#


You could see an orc warrior and an orc priest.

Vanquished Creatures
  A hippogriff (D:11)
  A sky beast (D:11)
  2 killer bees (D:11)
  A crimson imp (D:5)
  3 orc wizards
  2 jellies
  An iguana (D:5)
  Ijyb (D:5)
  Natasha (D:1)
  A killer bee zombie (D:5)
  A worker ant zombie (D:11)
  Robin (D:1)
  An adder (D:4)
  A worm (D:5)
  3 dart slugs
  3 leopard geckos
  14 orcs
  8 bats
  A giant cockroach (D:2)
  15 goblins
  10 hobgoblins
  12 jackals
  4 quokkas
  5 frilled lizards
  A jackal zombie (D:5)
  5 kobolds
  2 quokka skeletons (D:5)
  4 rats
105 creatures vanquished.

Notes
Turn   | Place    | Note
-------+----------+-------------------------------------------
     0 | Abyss:1  | torrenera the Formicid Abyssal Knight began the quest for the Orb.
     0 | Abyss:1  | Reached XP level 1. HP: 18/18 MP: 2/2
    12 | Abyss:1  | Found a corrupted altar of Lugonu.
    20 | D:1      | Escaped the Abyss
   138 | D:1      | Reached XP level 2. HP: 20/24 MP: 3/3
   373 | D:1      | Reached skill level 3 in Polearms
  1039 | D:1      | Reached XP level 3. HP: 9/29 MP: 4/4
  1369 | D:2      | Noticed Sigmund
  1468 | D:2      | Noticed Robin
  1468 | D:2      | Noticed Natasha
  1482 | D:1      | Killed Natasha
  1482 | D:1      | Reached skill level 4 in Polearms
  1482 | D:1      | Reached XP level 4. HP: 5/35 MP: 5/5
  1483 | D:1      | Reached ** piety under Lugonu
  1987 | D:1      | Killed Robin
  2724 | D:3      | Found an opulent altar of Gozag.
  2752 | D:3      | Reached skill level 1 in Shields
  2752 | D:3      | Reached XP level 5. HP: 28/41 MP: 6/6
  2978 | D:3      | Reached skill level 5 in Polearms
  3018 | D:3      | Found a sacrificial altar of Ru.
  3184 | D:3      | Reached *** piety under Lugonu
  3387 | D:4      | Found a staircase to the Ecumenical Temple.
  3941 | D:5      | Entered Level 5 of the Dungeon
  4025 | D:5      | Reached XP level 6. HP: 8/47 MP: 7/7
  4351 | D:5      | Found an ancient bone altar of Kikubaaqudgha.
  4410 | D:5      | Noticed Paps's ghost (amateur DESu)
  4471 | D:4      | Reached skill level 6 in Polearms
  4535 | D:5      | Noticed Ijyb
  4596 | D:5      | Killed Ijyb
  4932 | D:5      | Found a deep blue altar of Sif Muna.
  5014 | D:5      | Reached XP level 7. HP: 52/52 MP: 9/9
  5159 | D:5      | You fall through a shaft for 3 floors!
  5187 | D:8      | You fall through a shaft for 3 floors!
  5187 | D:11     | Noticed a hippogriff
  5205 | D:11     | Killed a hippogriff
  5205 | D:11     | Reached skill level 7 in Polearms
  5507 | D:11     | Found Cehusotu's Armour Shoppe.
  5576 | D:11     | Reached XP level 8. HP: 21/58 MP: 9/11
  5831 | D:11     | Reached skill level 5 in Invocations
  5838 | D:11     | Killed from afar by an orc priest

Skill      XL: |  1  2  3  4  5  6  7  8 |
---------------+-------------------------+-----
Polearms       | 3 4 5 6 7 |  7.6
Shields        | 1 |  1.6
Invocations    | 3 4 5 |  5.0
Fighting       | |  3.2
Armour         | |  2.1
Dodging        | |  0.8

Action                   |  1- 3 |  4- 6 |  7- 9 || total
-------------------------+-------+-------+-------++-------
Melee: Spear             |   109 |   332 |    80 ||   521
 Fire: Hunting sling     |       |    41 |     5 ||    46
 Abil: Shaft Self        |       |       |     2 ||     2
Evoke: Wand              |       |       |     2 ||     2
  Use: Scroll            |       |     6 |     1 ||     7
       Potion            |       |       |     4 ||     4
  Eat: Chunk             |     2 |    11 |     2 ||    15
       Bread ration      |       |       |     1 ||     1
Armor: Leather armour    |    12 |       |       ||    12
       Scale mail        |    22 |   125 |    16 ||   163
       Skin              |       |       |    26 ||    26
Dodge: Dodged            |    60 |   138 |    30 ||   228
Block: Buckler           |       |    31 |    15 ||    46
